 Dungeon Crawl Stone Soup version 0.25.1-11-g244df3a29b (webtiles) character file.

Game seed: 9907736113793718952

50257 antiracist1 the Tainter (level 14, -3/99 HPs)
             Began as an Octopode Venom Mage on Mar 5, 2024.
             Was a High Priest of Dithmenos.
             Splashed by an oklob plant's acid (13 damage)
             ... on level 6 of the Lair of Beasts on Mar 7, 2024.
             The game lasted 02:14:52 (27870 turns).

antiracist1 the Tainter (Octopode Venom Mage)      Turns: 27870, Time: 02:14:52

Health: -3/99      AC: -9    Str: 14    XL:     14   Next: 54%
Magic:  50/55      EV: 24    Int: 22    God:    Dithmenos [*****.]
Gold:   939        SH: 10    Dex: 19    Spells: 13/33 levels left

rFire    . . .     SeeInvis .   x - +7 whip (elec)
rCold    + . .     Gourm    .   v - +3 buckler
rNeg     + . .     Faith    .   h - +2 hat
rPois    +         Spirit   .   (no amulet)
rElec    .         Reflect  .   g - ring of protection from cold
rCorr    .         Harm     .   l - ring of flight
MR       +....                  n - ring of wizardry
Stlth    +++++++++.             e - ring of Piliunwiuhe {*Slow rPois rN+ MP+9 Dex+7}
HPRegen  0.26/turn              r - +4 ring of evasion
MPRegen  0.34/turn              Y - +6 ring of strength
                                Z - ring of magical power
                                k - ring of magical power

@: corroded, slowed, wreathed by umbra, very slow
A: almost no armour, stealthy swim, amphibious, 8 rings, constrict 8, camouflage
1, gelatinous body 1
a: Shadow Step, Shadow Form, Renounce Religion, Evoke Flight


You were on level 6 of the Lair of Beasts.
You worshipped Dithmenos.
Dithmenos was extremely pleased with you.
You were not hungry.

You visited 2 branches of the dungeon, and saw 17 of its levels.

You collected 1138 gold pieces.
You spent 199 gold pieces at shops.

Inventory:

Hand Weapons
 j - a +0 dagger
 x - a +7 whip of electrocution (weapon)
 A - a +2 whip of freezing
 C - a +2 flail of draining
Missiles
 F - a boomerang of dispersal
 K - 9 atropa-tipped darts (quivered)
 R - 8 datura-tipped darts
Armour
 h - a +2 hat (worn)
 m - a +2 kite shield
 v - a +3 buckler (worn)
Jewellery
 e - the ring of Piliunwiuhe (on tentacle) {*Slow rPois rN+ MP+9 Dex+7}
   (You acquired it on level 7 of the Dungeon)

   [ring of poison resistance]

   It affects your dexterity (+7).
   It protects you from poison.
   It protects you from negative energy.
   It affects your magic capacity (+9).
   It may slow you when you take damage.
 g - a ring of protection from cold (left tentacle)
 k - a ring of magical power (on tentacle)
 l - a ring of flight (right tentacle)
 n - a ring of wizardry (on tentacle)
 r - a +4 ring of evasion (on tentacle)
 M - the ring "Zexzuom" {*Corrode +Fly Str+4 SInv Stlth+}
   (You took it off a kobold on level 10 of the Dungeon)

   [ring of flight]

   It affects your strength (+4).
   It lets you see invisible.
   It lets you fly.
   It may corrode you when you take damage.
   It makes you more stealthy.
 O - an uncursed ring of fire
 Y - a +6 ring of strength (on tentacle)
 Z - a ring of magical power (on tentacle)
Wands
 o - a wand of enslavement (8)
 y - a wand of flame (35)
 G - a wand of clouds (7)
 L - a wand of polymorph (5)
Scrolls
 d - 12 scrolls of remove curse
 f - 3 scrolls of fog
 q - 2 scrolls of blinking
 s - 6 scrolls of teleportation
 u - a scroll of fear {unknown}
 E - a scroll of immolation
 N - a scroll of magic mapping {unknown}
 Q - a scroll of silence {unknown}
 T - a scroll of summoning {unknown}
 W - a scroll of enchant armour
 X - 3 scrolls of torment {unknown}
Potions
 c - 3 potions of heal wounds
 p - 2 potions of lignification
 t - 5 potions of flight
 w - 4 potions of stabbing
 B - 8 potions of curing
 H - a potion of magic
 I - a potion of resistance {unknown}
 J - a potion of might {unknown}
 P - a potion of experience {unknown}
 U - a potion of invisibility {unknown}
 V - a potion of cancellation {unknown}
Miscellaneous
 a - a phantom mirror
 i - a box of beasts
Comestibles
 b - 38 rations


   Skills:
 * Level 10.1 Fighting
 - Level 3.0 Short Blades
 + Level 8.3 Maces & Flails
 + Level 8.4 Dodging
 + Level 8.9 Stealth
 + Level 8.3 Shields
 + Level 10.1 Spellcasting
 - Level 3.0 Conjurations
 - Level 1.0 Transmutations
 + Level 3.7 Fire Magic
 + Level 6.0 Air Magic
 + Level 11.6 Poison Magic
 - Level 5.8 Evocations


You had 13 spell levels left.
You knew the following spells:

 Your Spells              Type           Power        Failure   Level  Hunger
a - Sting                 Tmut/Pois      ####         1%          1    None
b - Poisonous Vapours     Pois/Air       #####.       1%          2    None
c - Mephitic Cloud        Conj/Pois/Air  #####...     1%          3    None
d - Olgreb's Toxic Radia  Pois           ######..     1%          4    ##.....
e - Ignite Poison         Fire/Tmut/Pois #####...     1%          3    None
f - Tukima's Dance        Hex            ##......     8%          3    None
g - Iskenderun's Mystic   Conj/Tloc      ###.....     13%         4    ##.....

Your spell library contained the following spells:

 Spells                   Type           Power        Failure   Level  Hunger
 Searing Ray              Conj           ###...       1%          2    None
 Animate Skeleton         Necr           N/A          2%          1    None
 Apportation              Tloc           ##....       2%          1    None
 Corona                   Hex            ##.....      2%          1    None
 Sandblast                Erth           ##....       2%          1    None
 Summon Small Mammal      Summ           ##..         2%          1    None
 Passwall                 Tmut/Erth      ##......     3%          2    None
 Slow                     Hex            ##......     3%          2    None
 Stone Arrow              Conj/Erth      ###...       4%          3    None
 Fulminant Prism          Conj/Hex       ###.......   13%         4    ##.....
 Petrify                  Tmut/Erth      ##......     19%         4    ##.....
 Silence                  Hex/Air        ###.......   19%         5    ####...
 Lee's Rapid Deconstruct  Erth           ##........   52%         5    ####...


Dungeon Overview and Level Annotations

Branches:
Dungeon (11/15)            Temple (0/1) D:6            Lair (6/6) D:11
  Swamp (0/4) Lair:3        Snake (0/4) Lair:3          Orc (0/2) D:10
  Slime: Lair:5-6

Altars:
Ashenzari
Dithmenos
Fedhas
Gozag
Hepliaklqana
Makhleb
Qazlal
Sif Muna
Trog
Xom
Zin
The Shining One

Shops:
D:4 [   D:5 (

Annotations:
D:6 Orenthal's ghost, novice GrFi
D:11 exclusions: obsidian statue and orange crystal statue, Fannar
Lair:1 3 runed translucent doors, DeepDeath's ghost, journeyman SpBe
Lair:6 exclusion: 4 oklob plants


Innate Abilities, Weirdness & Mutations

You cannot wear most types of armour.
You are very stealthy in the water. (Stealth+)
You are amphibious.
You can wear up to eight rings at the same time.
You can use your tentacles to constrict eight enemies at once.
Your skin changes colour to match your surroundings (Stealth+).
Your rubbery body absorbs attacks. (AC +1, EV +1)


Message History

The splash of acid hits you!
You are splashed with acid!
Casting: Mephitic Cloud (safe; 1% risk of failure)
Confirm with . or Enter, or press ? or * to list all spells.
You ignite the poison in your surroundings!
The oklob plant is engulfed in blazing flames.
The oklob plant spits acid at you. The splash of acid hits you.
The acid corrodes you!
You are splashed with acid!
You feel yourself slow down. The oklob plant spits acid at you.
The splash of acid misses you.
The oklob plant is engulfed in blazing flames.
The oklob plant spits acid at you. The splash of acid hits you!
The acid corrodes you!
You are splashed with acid!
* * * LOW HITPOINT WARNING * * *
The oklob plant is engulfed in blazing flames.
The oklob plant spits acid at you. The splash of acid hits you!
* * * LOW HITPOINT WARNING * * *
The acid corrodes you!
You are splashed with acid!
You die...

P.?# .[.((# #P..?.# #:○P$.#
############## ###.☼§..###
#.#.##.##..P.####.#..○.P#.####
....P.....P...##...........#.####
................@.............##.
..............................##.
......................!......P.#.
...PP............................
...PP........................#...
..P##................##.........#
..###..............#.##........#.
...............................#.
.(###.............P..##..........


You could see an oklob plant.

Vanquished Creatures
  Gastronok (Lair:3)
  Erolcha (D:9)
  3 hydras
  A catoblepas (Lair:6)
  3 two-headed ogres
  A deep troll shaman (Lair:6)
  10 death yaks
  2 unseen horrors
  Pikel (D:5)
  An oklob plant (Lair:6)
  A cyclops (D:11)
  4 elephants (Lair:6)
  5 black mambas
  Psyche (D:11)
  15 spiny frogs
  A torpor snail (Lair:3)
  2 rime drakes
  11 komodo dragons
  A hornet (D:10)
  A troll (D:10)
  A polar bear (Lair:4)
  Prince Ribbit (D:5)
  6 blink frogs
  13 hippogriffs
  3 wyverns
  A fire elemental (Lair:3)
  A wraith (D:11)
  7 basilisks
  40 yaks
  3 hogs (D:7)
  2 hungry ghosts
  Grum (D:9)
  A human (D:7)
  6 nagas (Lair:3)
  2 swamp worms (Lair:3)
  5 water moccasins
  7 porcupines
  The ghost of sigtrap the Sneak, an amateur SpAs (D:3)
  2 black bears (Lair:6)
  4 sky beasts
  3 slaves
  A hornet zombie (D:11)
  2 orc warriors
  6 ice beasts
  An eye of draining (D:8)
  A phantom (D:11)
  6 centaurs
  11 ogres
  25 wolves
  14 crocodiles
  A gnoll sergeant (D:9)
  A big kobold (D:10)
  9 bullfrogs
  A wyvern zombie (D:10)
  A scorpion (D:10)
  14 killer bees
  13 wights
  3 electric eels (Lair:6)
  A howler monkey (D:11)
  9 crimson imps
  A bullfrog zombie (D:5)
  2 centaur zombies
  2 jellies
  6 bullfrog skeletons
  3 hounds
  7 orc wizards
  3 orc priests
  Ijyb (D:5)
  2 iguanas
  11 worker ants
  The ghost of yourfavgirlally the Chopper, a weakling DsGl (D:3)
  2 hound zombies
  A howler monkey skeleton (D:7)
  6 gnolls
  14 adders
  2 shadow imps
  3 oozes
  An adder zombie (D:8)
  2 adder skeletons (D:8)
  A worm (D:2)
  4 dart slugs
  3 leopard geckos
  34 orcs
  5 bats
  2 giant cockroaches
  6 goblins
  5 hobgoblins
  5 jackals (D:6)
  A quokka (D:9)
  A ball python (D:6)
  4 frilled lizards
  11 kobolds
  A leopard gecko skeleton (D:4)
  A quokka skeleton (D:4)
  9 rats
  2 fungi (Lair:6)
  4 plants (Lair:6)
465 creatures vanquished.

Vanquished Creatures (others)
  A fire vortex (Lair:3)
  9 fungi
  8 plants
  4 toadstools (D:3)
  4 withered plants (D:3)
26 creatures vanquished.

Grand Total: 491 creatures vanquished

Notes
Turn   | Place    | Note
-------+----------+-------------------------------------------
     0 | D:1      | antiracist1 the Octopode Venom Mage began the quest for the
                  | Orb.
     0 | D:1      | Reached XP level 1. HP: 11/11 MP: 3/3
   331 | D:1      | Reached skill level 4 in Poison Magic
   438 | D:1      | Reached XP level 2. HP: 11/17 MP: 0/5
   591 | D:1      | Learned a level 2 spell: Poisonous Vapours
  1210 | D:1      | Reached XP level 3. HP: 21/21 MP: 3/6
  1331 | D:2      | Learned a level 3 spell: Mephitic Cloud
  1661 | D:2      | Found an opulent altar of Gozag.
  1842 | D:2      | Reached skill level 1 in Air Magic
  1842 | D:2      | Reached XP level 4. HP: 19/27 MP: 2/7
  2053 | D:2      | Reached skill level 1 in Short Blades
  2244 | D:2      | Found a shattered altar of Ashenzari.
  2709 | D:3      | Reached XP level 5. HP: 29/32 MP: 3/8
  2879 | D:3      | Reached skill level 1 in Fighting
  2981 | D:3      | Found a runed translucent gate.
  2981 | D:3      | Found a runed translucent gate.
  2981 | D:3      | Found a runed translucent gate.
  2985 | D:3      | Noticed yourfavgirlally's ghost (weakling DsGl)
  2985 | D:3      | Noticed sigtrap's ghost (amateur SpAs)
  3831 | D:3      | Reached XP level 6. HP: 38/38 MP: 5/10
  4368 | D:4      | Learned a level 4 spell: Olgreb's Toxic Radiance
  4386 | D:4      | Found a shimmering blue altar of Sif Muna.
  4749 | D:4      | Reached skill level 5 in Poison Magic
  4891 | D:4      | Reached XP level 7. HP: 41/45 MP: 9/12
  4900 | D:4      | Learned a level 3 spell: Ignite Poison
  5076 | D:4      | Found Davyah Qosk's Antique Armour Shoppe.
  5079 | D:4      | Bought a buckler for 103 gold pieces
  5158 | D:5      | Entered Level 5 of the Dungeon
  5186 | D:5      | Reached skill level 1 in Shields
  5186 | D:5      | Noticed Pikel
  5303 | D:5      | Noticed Ijyb
  5308 | D:5      | Killed Ijyb
  5495 | D:5      | Found a shimmering altar of Xom.
  5696 | D:5      | Found Sepnaf's Antique Weapon Shoppe.
  5702 | D:5      | Bought a rapier for 96 gold pieces
  6005 | D:5      | Reached XP level 8. HP: 10/54 MP: 7/14
  6012 | D:5      | HP: 2/54 [crimson imp (3)]
  6386 | D:5      | Killed Pikel
  6665 | D:5      | Reached skill level 1 in Maces & Flails
  6665 | D:5      | Reached skill level 1 in Evocations
  6911 | D:5      | Noticed Prince Ribbit
  6931 | D:5      | Killed Prince Ribbit
  7036 | D:5      | Found a bloodstained altar of Trog.
  7216 | D:3      | Killed sigtrap's ghost
  7216 | D:3      | Reached XP level 9. HP: 34/58 MP: 15/15
  7372 | D:3      | Killed yourfavgirlally's ghost
  7736 | D:6      | Found a transporter.
  7737 | D:6      | Noticed Orenthal's ghost (novice GrFi)
  7740 | D:6      | Found a transporter.
  7741 | D:6      | Identified the +7 great mace of the Boiling Point {freeze,
                  | Str+3 SInv}
  7759 | D:6      | Reached skill level 5 in Evocations
  7910 | D:6      | Found a shadowy altar of Dithmenos.
  7918 | D:6      | Became a worshipper of Dithmenos the Shadowed
  8304 | D:6      | Found a burning altar of Makhleb.
  8308 | D:6      | Noticed a cacodemon
  8309 | D:6      | Found a glowing silver altar of Zin.
  8310 | D:6      | Noticed an angel
  8368 | D:6      | Found a staircase to the Ecumenical Temple.
  8490 | D:6      | Found a shimmering blue altar of Sif Muna.
  8596 | D:6      | Found a hazy altar of Hepliaklqana.
  8596 | D:6      | Found a bloodstained altar of Trog.
  9253 | D:7      | Found a stormy altar of Qazlal.
  9281 | D:7      | Reached skill level 6 in Poison Magic
  9384 | D:7      | Reached * piety under Dithmenos
  9990 | D:7      | Reached skill level 5 in Stealth
  9992 | D:7      | Reached skill level 5 in Spellcasting
  9992 | D:7      | Reached XP level 10. HP: 61/65 MP: 7/17
  9996 | D:7      | Reached skill level 7 in Poison Magic
 10176 | D:7      | Identified a scroll of acquirement
 10181 | D:7      | Acquired the ring of Piliunwiuhe {*Slow rPois rN+ MP+9
                  | Dex+7}
 10658 | D:7      | Killed an unseen horror
 11012 | D:8      | Noticed a two-headed ogre
 11085 | D:8      | HP: 2/65 [two-headed ogre/+0 giant spiked club (18)]
 11087 | D:8      | Killed a two-headed ogre
 11603 | D:8      | Reached skill level 5 in Fighting
 11603 | D:8      | Reached skill level 8 in Poison Magic
 12027 | D:8      | Identified the Collected Works on Enchanting Battle Magic
 12113 | D:6      | Reached ** piety under Dithmenos
 12359 | D:7      | Reached skill level 5 in Maces & Flails
 12399 | D:8      | Reached XP level 11. HP: 71/71 MP: 22/22
 12565 | D:9      | Found a glowing golden altar of the Shining One.
 12565 | D:9      | Noticed Grum
 12592 | D:9      | Killed Grum
 12889 | D:9      | Noticed Erolcha
 12898 | D:9      | Killed Erolcha
 13032 | D:9      | Reached skill level 5 in Dodging
 13033 | D:9      | Reached skill level 5 in Shields
 13169 | D:9      | Found a blossoming altar of Fedhas.
 13764 | D:10     | Entered Level 10 of the Dungeon
 13800 | D:10     | Noticed a two-headed ogre
 13816 | D:10     | Killed a two-headed ogre
 13816 | D:10     | Reached *** piety under Dithmenos
 13986 | D:10     | Killed an unseen horror
 14211 | D:10     | Identified the ring "Zexzuom" {*Corrode +Fly Str+4 SInv
                  | Stlth+}
 14519 | D:10     | Found a staircase to the Orcish Mines.
 14970 | D:11     | Noticed a cyclops
 15182 | D:11     | Killed a cyclops
 15397 | D:11     | Found a staircase to the Lair.
 15422 | D:11     | Noticed an orange crystal statue
 15451 | D:11     | Noticed Psyche
 15456 | D:11     | Noticed a two-headed ogre
 15464 | D:11     | Killed Psyche
 15464 | D:11     | Reached XP level 12. HP: 79/79 MP: 21/24
 15470 | D:11     | Killed a two-headed ogre
 15631 | D:11     | Reached **** piety under Dithmenos
 16064 | D:11     | Noticed Fannar
 16368 | Lair:1   | Entered Level 1 of the Lair of Beasts
 16887 | Lair:1   | Found a runed translucent gate.
 16887 | Lair:1   | Found a runed translucent gate.
 16887 | Lair:1   | Found a runed translucent gate.
 16887 | Lair:1   | Noticed DeepDeath's ghost (journeyman SpBe)
 18145 | Lair:2   | Noticed a four-headed hydra
 18227 | Lair:2   | Killed a four-headed hydra
 18637 | Lair:2   | Reached XP level 13. HP: 68/88 MP: 25/25
 19571 | Lair:3   | Found a shimmering blue altar of Sif Muna.
 19867 | Lair:3   | You fall into a shaft and drop 2 floors!
 20027 | Lair:5   | Reached skill level 9 in Poison Magic
 20107 | Lair:4   | Reached ***** piety under Dithmenos
 20861 | Lair:3   | Noticed Gastronok
 20876 | Lair:3   | Killed Gastronok
 21255 | Lair:3   | Found a staircase to the Snake Pit.
 21631 | Lair:3   | Found a staircase to the Swamp.
 23058 | Lair:5   | Reached skill level 10 in Poison Magic
 23145 | Lair:5   | Reached skill level 5 in Air Magic
 23884 | Lair:5   | Learned a level 3 spell: Tukima's Dance
 23889 | Lair:5   | Learned a level 4 spell: Iskenderun's Mystic Blast
 23890 | Lair:6   | Entered Level 6 of the Lair of Beasts
 24087 | Lair:6   | Reached XP level 14. HP: 97/97 MP: 27/27
 25779 | Lair:6   | Reached skill level 11 in Poison Magic
 26239 | Lair:6   | Reached skill level 10 in Fighting
 26519 | Lair:6   | Reached skill level 10 in Spellcasting
 27870 | Lair:6   | Splashed by an oklob plant's acid

Illustrated notes

Levels and vault maps discovered:
D:1:      dpeg_arrival_pond, layout_rooms, minmay_pentomino_r2
D:2:      layout_rooms, grunt_gozag_statues, minmay_misc_feat_encased,
          ashenzari_altar_1
D:3:      minmay_angry_zag, layout_basic, gammafunk_ghost_cemetery,
          minmay_gold_behind_fungi
D:4:      layout_basic, lemuel_doored_altar, serial_shops, kennysheep_mini,
          first_ration, st_stairs_4
D:5:      layout_loops_ring, led_xom_imps, basic_altar, serial_shops,
          nicolae_shop_overgrown_old_shop, uniq_pikel, uniq_ijyb,
          uniq_prince_ribbit1
D:6:      layout_cave_pools, grunt_temple_overflow_order_and_chaos_2,
          grunt_dithmenos_shadows, amethyst_overflow_temple_binary,
          minmay_temple_entry_glassed_door, gammafunk_ghost_smash,
          lemuel_blue_sif_altar
D:7:      layout_rooms, nicolae_overflow_crystal_walls, grunt_livestock
D:8:      layout_basic
D:9:      layout_basic, lemuel_round_altar, lemuel_coloured_pillars_altar,
          bh_walls_and_bars, uniq_grum, uniq_erolcha
D:10:     layout_basic, orc_0_dummy
D:11:     minmay_separated_statues, layout_irregular_city, lair_entry_dummy,
          uniq_fannar, uniq_psyche
Lair:1:   layout_regular_city, ebering_ghost_rock_garden,
          chequers_serial_rivers_room_a, nicolae_quartered_pool_medium,
          beast_lair_carwin_2
Lair:2:   layout_cave_pods
Lair:3:   layout_gridlike, minmay_swamp_entry_worms,
          minmay_snake_entry_guardpost_medium, basic_altar, uniq_gastronok
Lair:4:   layout_gridlike
Lair:5:   layout_regular_city
Lair:6:   grunt_lair_end_beastmaster, layout_cellular_growth,
          minmay_slime_entry_oklob_enclosed, disabler_island,
          minmay_lair_oklob_chamber

Skill      XL: |  1  2  3  4  5  6  7  8  9 10 11 12 13 14 |
---------------+-------------------------------------------+-----
Poison Magic   | 4 5 6 8 10 11 | 11.6
Stealth        | 3 4 5 8 |  8.9
Air Magic      | 1 2 3 5 6 |  6.0
Short Blades   | 1 3 |  3.0
Fighting       | 1 2 3 4 5 6 8 9 10 | 10.1
Spellcasting   | 3 4 5 7 8 9 10 | 10.1
Shields        | 2 4 5 8 |  8.3
Dodging        | 3 4 5 8 |  8.4
Conjurations   | 2 3 |  3.0
Fire Magic     | 2 3 |  3.7
Maces & Flails | 2 3 5 6 8 |  8.3
Evocations     | 4 5 |  5.8
Transmutations | |  1.0

Action                   |  1- 3 |  4- 6 |  7- 9 | 10-12 | 13-15 || total
-------------------------+-------+-------+-------+-------+-------++-------
Melee: Unarmed           |     5 |       |       |       |       ||     5
       Tentacles         |     7 |    10 |    35 |    48 |    34 ||   134
       Dagger            |    23 |    42 |    16 |     1 |     2 ||    84
       Constrict         |     6 |    10 |    25 |    43 |    16 ||   100
       Rapier            |       |       |    53 |       |       ||    53
       Whip              |       |       |   120 |   226 |   154 ||   500
Throw: Stone             |     6 |       |    11 |     9 |       ||    26
       Dart              |       |       |       |     2 |       ||     2
 Cast: Sting             |     9 |       |       |     9 |     6 ||    24
       Poisonous Vapours |    22 |    70 |    80 |   136 |   170 ||   478
       Mephitic Cloud    |       |       |     4 |    64 |    84 ||   152
       Ignite Poison     |       |       |     2 |    42 |    53 ||    97
       Olgreb's Toxic Ra |       |       |     9 |    43 |    45 ||    97
Evoke: Wand              |       |       |       |       |     2 ||     2
  Use: Potion            |     1 |       |     2 |       |       ||     3
       Scroll            |     4 |     1 |     6 |    12 |     7 ||    30
 Stab: Sleeping          |     2 |     3 |     2 |     8 |     2 ||    17
       Confused          |       |       |       |     4 |    10 ||    14
       Distracted        |       |       |       |     1 |       ||     1
  Eat: Chunk             |     4 |    13 |     8 |    26 |    21 ||    72
       Ration            |       |       |     3 |     2 |     3 ||     8
Armor: Skin              |     1 |     1 |    15 |     7 |     4 ||    28
Dodge: Dodged            |    22 |    18 |   108 |   155 |   103 ||   406
Block: Buckler           |       |       |    21 |    73 |    45 ||   139
       Kite shield       |       |       |       |       |     8 ||     8
